[Event "Deloitte NED-ch Women 2019"]
[Site "Amsterdam"]
[Date "2019.07.01"]
[Round "1.2"]
[White "Van Foreest, Machteld"]
[Black "Lanchava, Tea"]
[Result "1/2-1/2"]
[ECO "E39"]
[WhiteElo "2058"]
[BlackElo "2315"]
[Annotator "NA"]
[PlyCount "111"]
[EventDate "2019.07.01"]
[EventType "tourn"]
[EventCountry "NED"]
[SourceTitle "playchess.com"]
[Source "ChessBase"]
[SourceQuality "1"]
[TimeControl "40/5400+30:1800+30"]

1. e4 d6 2. d4 Nf6 3. Nc3 g6 4. Nf3 Bg7 5. Bc4 O-O 6. O-O Nc6 7. Be2 a6 8. a4 a5 9. Be3 Nb4 10. h3 d5 11. e5 Nd7 12. Na2 Nxa2 13. Rxa2 f6 14. exf6 exf6 15. Qd2 Nb6 16. b3 g5 17. Nh2 Qe7 18. Raa1 h6 19. Rae1 Bf5 20. Bh5 Qd6 21. f4 Qc6 22. Re2 Nc8 23. fxg5 fxg5 24. Bg4 Nd6 25. Bxf5 Nxf5 26. Bf2 Nd6 27. Nf3 Ne4 28. Qd3 Qd6 29. Nd2 Nxf2 30. Rexf2 Rxf2 31. Rxf2 Re8 32. Nf3 Re4 33. Qb5 b6 34. Re2 c6 35. Qa6 Qe6 36. Rxe4 dxe4 37. Ne5 Bxe5 38. dxe5 Qxe5 39. Qc8+ Kf7 40. Qd7+ Qe7 41. Qf5+ Kg7 42. g4 Qb4 43. Kf1 Qd4 44. Ke2 c5 45. Qe6 Qd8 46. Qxe4 Qd6 47. Qd3 Qe5+ 48. Kd2 Qf4+ 49. Kd1 Kf6 50. Qd8+ Ke5 51. Qxb6 Qf1+ 52. Kd2 Qf4+ 53. Kd1 Qd4+ 54. Kc1 Qa1+ 55. Kd2 Qd4+ 56. Kc1 1/2-1/2

[Event "Deloitte NED-ch Women 2019"]
[Site "Amsterdam"]
[Date "2019.07.01"]
[Round "1.4"]
[White "Paulet, Iozefina"]
[Black "Ratsma, Rosa"]
[Result "1-0"]
[ECO "D38"]
[WhiteElo "2262"]
[BlackElo "2282"]
[Annotator "NA"]
[PlyCount "121"]
[EventDate "2019.07.01"]
[EventType "tourn"]
[EventCountry "NED"]
[SourceTitle "playchess.com"]
[Source "ChessBase"]
[SourceQuality "1"]
[TimeControl "40/5400+30:1800+30"]

1. e4 c5 2. Nf3 d6 3. Bb5+ Nc6 4. O-O Bd7 5. Re1 Nf6 6. c3 a6 7. Bf1 Bg4 8. h3 Bxf3 9. Qxf3 e6 10. d3 Be7 11. Nd2 O-O 12. Qd1 b5 13. Nf3 Qb6 14. Be3 Rac8 15. g4 Rfd8 16. g5 Ne8 17. Nh2 d5 18. Qg4 d4 19. cxd4 cxd4 20. Bd2 Ne5 21. Qg3 Rc2 22. Re2 Rdc8 23. f4 Ng6 24. h4 Bd6 25. h5 Nf8 26. Nf3 b4 27. g6 fxg6 28. Rh2 Qd8 29. hxg6 h6 30. b3 a5 31. Bh3 Qe7 32. e5 Bb8 33. f5 exf5 34. Bxf5 R8c5 35. Bf4 Rxh2 36. Qxh2 Qc7 37. Re1 Rc2 38. Re2 Rxe2 39. Qxe2 Qc6 40. Qe4 Qxe4 41. Bxe4 Ne6 42. Bd5 N8c7 43. Bc4 Kf8 44. Bg3 Ba7 45. Kg2 Bc5 46. Nh4 Be7 47. Nf5 Bc5 48. Kf3 Ng5+ 49. Kg4 Nge6 50. Bh4 Ke8 51. Kf3 Kd7 52. Ke4 Bb6 53. Be7 Ba7 54. Bf6 gxf6 55. exf6 Ng5+ 56. Kf4 Nce6+ 57. Kg4 Bc5 58. g7 Nxg7 59. fxg7 Nh7 60. Nxh6 Bf8 61. gxf8=Q 1-0

[Event "Deloitte NED-ch Women 2019"]
[Site "Amsterdam"]
[Date "2019.07.01"]
[Round "1.6"]
[White "Roebers, Eline"]
[Black "Van Weersel, Arlette"]
[Result "1/2-1/2"]
[ECO "C45"]
[WhiteElo "2069"]
[BlackElo "2176"]
[Annotator "NA"]
[PlyCount "114"]
[EventDate "2019.07.01"]
[EventType "tourn"]
[EventCountry "NED"]
[SourceTitle "playchess.com"]
[Source "ChessBase"]
[SourceQuality "1"]
[TimeControl "40/5400+30:1800+30"]

1. e4 e5 2. Nf3 Nc6 3. d4 exd4 4. Nxd4 Bc5 5. Nb3 Bb6 6. Nc3 d6 7. Qe2 Be6 8. Be3 Nf6 9. O-O-O Qe7 10. g3 O-O-O 11. Bg2 Bg4 12. f3 Be6 13. Rhe1 Bxe3+ 14. Qxe3 Rhe8 15. Qf2 Nd7 16. Nd5 Qf8 17. f4 Nb6 18. Kb1 Kb8 19. Nd4 Bxd5 20. exd5 Nxd4 21. Qxd4 Rxe1 22. Rxe1 Re8 23. Rxe8+ Qxe8 24. Qe4 Qxe4 25. Bxe4 h6 26. Kc1 Kc8 27. b3 Kd8 28. Kd2 Nd7 29. Ke3 Nf6 30. Bf3 Kd7 31. Kd4 c6 32. c4 c5+ 33. Kd3 b6 34. Kd2 Ke7 35. Ke3 Ne8 36. a4 a5 37. Be4 Kf6 38. Kf3 Nc7 39. h3 Na6 40. Ke3 Nb4 41. Bb1 Na6 42. Be4 Nc7 43. Kf3 Ne8 44. h4 h5 45. Bd3 g6 46. g4 hxg4+ 47. Kxg4 Ng7 48. Bc2 Nh5 49. Bd3 Kg7 50. f5 Kf6 51. fxg6 fxg6 52. Bc2 Ng7 53. Kf4 Ne8 54. Bd3 Ng7 55. Bc2 Nh5+ 56. Kg4 Ng7 57. Kf4 Nh5+ 1/2-1/2

[Event "Deloitte NED-ch Women 2019"]
[Site "Amsterdam"]
[Date "2019.07.01"]
[Round "1.8"]
[White "Keetman, Maaike"]
[Black "Kazarian, Anna-Maja"]
[Result "1-0"]
[ECO "B11"]
[WhiteElo "2153"]
[BlackElo "2142"]
[Annotator "NA"]
[PlyCount "150"]
[EventDate "2019.07.01"]
[EventType "tourn"]
[EventCountry "NED"]
[SourceTitle "playchess.com"]
[Source "ChessBase"]
[SourceQuality "1"]
[TimeControl "40/5400+30:1800+30"]

1. e4 c6 2. Nf3 d5 3. Nc3 Nf6 4. e5 Ne4 5. Ne2 e6 6. d3 Nc5 7. d4 Ncd7 8. Nf4 Be7 9. Bd3 c5 10. c3 Nc6 11. O-O cxd4 12. cxd4 Nf8 13. Nh5 Rg8 14. Be3 g6 15. Nf4 f6 16. exf6 Bxf6 17. Re1 Kf7 18. Rc1 Bd7 19. Nh3 Kg7 20. Qd2 Kh8 21. Bg5 Bxg5 22. Qxg5 Qxg5 23. Nhxg5 Rg7 24. Ne5 Nxe5 25. Rxe5 h6 26. Nf3 Rc8 27. Ree1 Rxc1 28. Rxc1 Be8 29. Ne5 Re7 30. Rc8 Kg7 31. Kf1 Nh7 32. Ke2 Nf6 33. f3 Bf7 34. Kd2 Ne8 35. Rd8 Nf6 36. Rc8 Ne8 37. b4 Nd6 38. Rd8 Ne8 39. a4 g5 40. Rc8 Rc7 41. Rxc7 Nxc7 42. b5 Be8 43. Kc3 Kf6 44. Kb4 Ke7 45. Kc5 b6+ 46. Kb4 Kf6 47. Kc3 Kg7 48. Kd2 Kf6 49. Ke3 Kg7 50. f4 Bh5 51. Bc2 Ne8 52. fxg5 hxg5 53. Nc6 Nd6 54. Nxa7 Be8 55. Kf3 Kf6 56. Kg4 Bd7 57. Kf3 Nc4 58. g3 e5 59. dxe5+ Nxe5+ 60. Ke3 g4 61. Bd1 Ke6 62. Nc6 Bxc6 63. bxc6 Kd6 64. Kf4 Nd3+ 65. Kf5 Nb2 66. Bb3 d4 67. Ke4 d3 68. Ke3 Kxc6 69. Kd2 Kc5 70. Kc3 d2 71. Kxb2 b5 72. axb5 Kxb5 73. Bd1 Kc4 74. Kc2 Kd4 75. Kxd2 Kd5 1-0

[Event "Deloitte NED-ch Women 2019"]
[Site "Amsterdam"]
[Date "2019.07.02"]
[Round "2.3"]
[White "Van Foreest, Machteld"]
[Black "Paulet, Iozefina"]
[Result "1/2-1/2"]
[ECO "C03"]
[WhiteElo "2058"]
[BlackElo "2262"]
[Annotator "NA"]
[PlyCount "125"]
[EventDate "2019.07.01"]
[EventType "tourn"]
[EventCountry "NED"]
[SourceTitle "playchess.com"]
[Source "ChessBase"]
[SourceQuality "1"]
[TimeControl "40/5400+30:1800+30"]

1. e4 e6 2. d4 d5 3. Nd2 Be7 4. Bd3 c5 5. dxc5 Nf6 6. exd5 Qxd5 7. Ngf3 Nbd7 8. Nb3 Nxc5 9. Bb5+ Bd7 10. Bxd7+ Ncxd7 11. O-O Rc8 12. c3 h6 13. Be3 a6 14. Qe2 Qh5 15. Nfd4 Qxe2 16. Nxe2 Nd5 17. Bd4 e5 18. Be3 Nxe3 19. fxe3 Bg5 20. e4 O-O 21. Ng3 g6 22. Rad1 Nf6 23. h3 h5 24. Nd2 h4 25. Ne2 Rce8 26. Nf3 Be3+ 27. Kh2 Nxe4 28. Rd5 Bb6 29. Nxh4 Rd8 30. Rfd1 Nf2 31. R1d2 Rxd5 32. Rxd5 Rd8 33. Rxd8+ Bxd8 34. Nf3 f5 35. Nxe5 Bc7 36. Kg1 Nxh3+ 37. gxh3 Bxe5 38. Kf2 Kf7 39. Kf3 g5 40. Nc1 Ke6 41. Nd3 Kd5 42. Ke3 Bd6 43. b3 b5 44. Kf3 a5 45. Ke3 Bf8 46. a4 bxa4 47. c4+ Kc6 48. bxa4 Bc5+ 49. Kf3 Kd6 50. Kg3 Bb6 51. h4 gxh4+ 52. Kxh4 Bd8+ 53. Kg3 Ke6 54. Kf4 Kf6 55. Kg3 Bc7+ 56. Kf3 Bd6 57. Ke3 Kg5 58. Kf3 f4 59. c5 Bc7 60. c6 Kf5 61. Nc5 Ke5 62. Na6 Kd6 63. Kxf4 {[%emt 0:00:38] Ke5+ Ke4+} 1/2-1/2

[Event "Deloitte NED-ch Women 2019"]
[Site "Amsterdam"]
[Date "2019.07.02"]
[Round "2.5"]
[White "Van Weersel, Arlette"]
[Black "Keetman, Maaike"]
[Result "1/2-1/2"]
[ECO "C01"]
[WhiteElo "2176"]
[BlackElo "2153"]
[Annotator "NA"]
[PlyCount "77"]
[EventDate "2019.07.01"]
[EventType "tourn"]
[EventCountry "NED"]
[SourceTitle "playchess.com"]
[Source "ChessBase"]
[SourceQuality "1"]
[TimeControl "40/5400+30:1800+30"]

1. e4 e6 2. d4 d5 3. Bd3 dxe4 4. Bxe4 Nf6 5. Bf3 Bd6 6. Ne2 O-O 7. O-O e5 8. dxe5 Bxe5 9. Qxd8 Rxd8 10. Nbc3 c6 11. Be3 Bf5 12. Rad1 Nbd7 13. Nd4 Bg4 14. h3 Bxd4 15. hxg4 Bxe3 16. fxe3 h6 17. Rd4 Kf8 18. Rfd1 Ke7 19. Kf2 Ne5 20. Kg3 Rd7 21. b3 Re8 22. Ne2 Kd8 23. Nf4 g6 24. Rh1 Ng8 25. Nh3 Kc7 26. Nf2 Nxf3 27. Kxf3 c5 28. Rxd7+ Kxd7 29. Ne4 Kc6 30. c4 Rd8 31. g5 hxg5 32. Nxg5 f6 33. Ne4 f5 34. Nc3 Nf6 35. Rh6 Rg8 36. e4 Ng4 37. Rh7 Ne5+ 38. Kg3 fxe4 39. Nxe4 1/2-1/2

[Event "Deloitte NED-ch Women 2019"]
[Site "Amsterdam"]
[Date "2019.07.02"]
[Round "2.6"]
[White "Lanchava, Tea"]
[Black "Kazarian, Anna-Maja"]
[Result "0-1"]
[ECO "A06"]
[WhiteElo "2315"]
[BlackElo "2142"]
[Annotator "NA"]
[PlyCount "92"]
[EventDate "2019.07.01"]
[EventType "tourn"]
[EventCountry "NED"]
[SourceTitle "playchess.com"]
[Source "ChessBase"]
[SourceQuality "1"]
[TimeControl "40/5400+30:1800+30"]

1. Nf3 d5 2. e3 c5 3. b3 Nc6 4. Bb2 Bg4 5. Bb5 Qb6 6. c4 a6 7. Bxc6+ Qxc6 8. h3 Bh5 9. g4 Bg6 10. Ne5 Qd6 11. Qf3 e6 12. d4 cxd4 13. Bxd4 Nf6 14. Nd2 Qc7 15. O-O Ne4 16. Qe2 Nxd2 17. Qxd2 dxc4 18. Rac1 Rd8 19. Qb2 f6 20. Nxc4 Qf7 21. Bb6 Ra8 22. Qd4 e5 23. Nd6+ Bxd6 24. Qxd6 Qd7 25. Qxd7+ Kxd7 26. Rc7+ Ke6 27. f4 Bd3 28. Rfc1 g6 29. Rxb7 Rac8 30. Bc7 h5 31. Rb6+ Kd5 32. g5 fxg5 33. fxe5 Rh7 34. Rbc6 Ke4 35. e6 g4 36. hxg4 hxg4 37. Kg2 Re7 38. Kg3 Bb5 39. R6c3 Rxe6 40. Kxg4 Be2+ 41. Kg3 Rf8 42. Bf4 g5 43. Bxg5 Rg6 44. Rc5 Rfg8 45. Kh4 Kf3 46. Bf6 Rh6+ 0-1

[Event "Deloitte NED-ch Women 2019"]
[Site "Amsterdam"]
[Date "2019.07.02"]
[Round "2.8"]
[White "Ratsma, Rosa"]
[Black "Roebers, Eline"]
[Result "1-0"]
[ECO "B84"]
[WhiteElo "2282"]
[BlackElo "2069"]
[Annotator "NA"]
[PlyCount "89"]
[EventDate "2019.07.01"]
[EventType "tourn"]
[EventCountry "NED"]
[SourceTitle "playchess.com"]
[Source "ChessBase"]
[SourceQuality "1"]
[TimeControl "40/5400+30:1800+30"]

1. e4 c5 2. Nf3 e6 3. d4 cxd4 4. Nxd4 Nc6 5. Nc3 Qc7 6. Be3 a6 7. Qd2 Nf6 8. f4 d6 9. O-O-O Be7 10. Be2 O-O 11. g4 b5 12. a3 Bb7 13. g5 Nd7 14. Rhg1 Nxd4 15. Bxd4 Nc5 16. f5 Nxe4 17. Nxe4 Bxe4 18. f6 Rfc8 19. Bc3 Bf8 20. Rg4 d5 21. Bd3 Bxd3 22. Qxd3 g6 23. Be1 Qb6 24. Bg3 Rc4 25. Rxc4 bxc4 26. Qc3 Bc5 27. Bf4 Qb5 28. Be5 Qb6 29. h4 Rc8 30. h5 Be3+ 31. Kb1 Bxg5 32. hxg6 fxg6 33. Qh3 h6 34. Rxd5 c3 35. b3 Re8 36. Rd7 Rf8 37. Rg7+ Kh8 38. f7 Qg1+ 39. Ka2 Qc1 40. Rg8+ Kh7 41. Rg7+ Kh8 42. Rxg6+ Kh7 43. Rg7+ Kh8 44. Rg8+ Kh7 45. Qd3# 1-0

[Event "Deloitte NED-ch Women 2019"]
[Site "Amsterdam"]
[Date "2019.07.03"]
[Round "3.3"]
[White "Paulet, Iozefina"]
[Black "Lanchava, Tea"]
[Result "1-0"]
[ECO "B06"]
[WhiteElo "2262"]
[BlackElo "2315"]
[Annotator "NA"]
[PlyCount "77"]
[EventDate "2019.07.01"]
[EventType "tourn"]
[EventCountry "NED"]
[SourceTitle "playchess.com"]
[Source "ChessBase"]
[SourceQuality "1"]
[TimeControl "40/5400+30:1800+30"]

1. e4 g6 2. d4 Bg7 3. Nf3 d6 4. Be3 a6 5. Nc3 b5 6. Bd3 Bb7 7. a4 b4 8. Ne2 Nf6 9. Ng3 Ng4 10. Bd2 c5 11. h3 Nf6 12. dxc5 dxc5 13. Qe2 Qc7 14. O-O O-O 15. c3 a5 16. Rac1 b3 17. Bc4 Ba6 18. Be3 Nfd7 19. Nd2 Nb6 20. Bxa6 Nxa6 21. Ra1 Nd7 22. Ra3 Rfb8 23. Nc4 Rb7 24. Rd1 Nab8 25. Nf1 Nc6 26. Nfd2 Rab8 27. f4 Nd8 28. Rf1 f6 29. Qd1 Nf7 30. Rxb3 Rxb3 31. Nxb3 Nd6 32. Nbd2 Nb6 33. Nxa5 c4 34. Kh1 Nbc8 35. Ndxc4 Kh8 36. Qd5 f5 37. e5 Ne4 38. Rd1 Na7 39. Qd7 1-0

[Event "Deloitte NED-ch Women 2019"]
[Site "Amsterdam"]
[Date "2019.07.03"]
[Round "3.5"]
[White "Keetman, Maaike"]
[Black "Ratsma, Rosa"]
[Result "0-1"]
[ECO "B90"]
[WhiteElo "2153"]
[BlackElo "2282"]
[Annotator "NA"]
[PlyCount "52"]
[EventDate "2019.07.01"]
[EventType "tourn"]
[EventCountry "NED"]
[SourceTitle "playchess.com"]
[Source "ChessBase"]
[SourceQuality "1"]
[TimeControl "40/5400+30:1800+30"]

1. e4 c5 2. Nf3 d6 3. d4 cxd4 4. Nxd4 Nf6 5. Nc3 a6 6. h3 e5 7. Nb3 Be6 8. f4 Nc6 9. g4 h6 10. f5 Bxb3 11. axb3 Qb6 12. Bd3 Be7 13. Qe2 Nd4 14. Qe3 d5 15. Bd2 dxe4 16. Nxe4 Nd5 17. Qf2 Bh4 18. Ng3 O-O 19. Kf1 Rac8 20. Rc1 Rfe8 21. Bc4 Nf6 22. Qg2 Bxg3 23. Qxg3 Ne4 24. Qg2 Nf3 25. Be1 Qe3 26. Rd1 Nxe1 0-1

[Event "Deloitte NED-ch Women 2019"]
[Site "Amsterdam"]
[Date "2019.07.03"]
[Round "3.6"]
[White "Roebers, Eline"]
[Black "Van Foreest, Machteld"]
[Result "0-1"]
[ECO "C45"]
[WhiteElo "2069"]
[BlackElo "2058"]
[Annotator "NA"]
[PlyCount "132"]
[EventDate "2019.07.01"]
[EventType "tourn"]
[EventCountry "NED"]
[SourceTitle "playchess.com"]
[Source "ChessBase"]
[SourceQuality "1"]
[TimeControl "40/5400+30:1800+30"]

1. e4 e5 2. Nf3 Nc6 3. d4 exd4 4. Nxd4 Bc5 5. Nb3 Bb6 6. Nc3 Nf6 7. Qe2 d6 8. Be3 Be6 9. O-O-O Qe7 10. g3 Ne5 11. Bg2 Bxe3+ 12. Qxe3 O-O 13. f4 Nc4 14. Qe2 Nb6 15. Bf3 Bc4 16. Qg2 Bxb3 17. cxb3 a5 18. Rhe1 Nfd7 19. e5 dxe5 20. Bxb7 Rab8 21. Kb1 a4 22. Bd5 Rfd8 23. bxa4 Qc5 24. fxe5 Nxd5 25. Nxd5 c6 26. Nf4 Nxe5 27. Qe4 Rxb2+ 28. Ka1 Rxd1+ 29. Rxd1 Rb8 30. Qd4 Qa5 31. Ne2 Nf3 32. Qc3 Qxa4 33. Rc1 Qe4 34. Nf4 Nd4 35. Qd3 Qe5 36. Qc3 Qd6 37. Rb1 Nb5 38. Qb2 Ra8 39. Ne2 Na3 40. Rc1 Qd5 41. Nc3 Qf5 42. Na4 Nb5 43. Rxc6 h6 44. Rc5 Qf1+ 45. Rc1 Qd3 46. Nc3 Nd4 47. Qb7 Re8 48. Qb1 Qc4 49. Ne4 Qe2 50. Nc3 Qxh2 51. Qd3 Rd8 52. Nd5 Ra8 53. Nb4 Qf2 54. Rd1 Rd8 55. Rf1 Qg2 56. Rc1 Ne6 57. Qb1 Rb8 58. Qb3 Qd2 59. Rc2 Qd4+ 60. Qc3 Rxb4 61. Qxd4 Nxd4 62. Rc8+ Kh7 63. a3 Ra4 64. Kb2 Nb5 65. Kb3 Rxa3+ 66. Kb4 Nd6 0-1

[Event "Deloitte NED-ch Women 2019"]
[Site "Amsterdam"]
[Date "2019.07.03"]
[Round "3.8"]
[White "Kazarian, Anna-Maja"]
[Black "Van Weersel, Arlette"]
[Result "1/2-1/2"]
[ECO "B01"]
[WhiteElo "2142"]
[BlackElo "2176"]
[Annotator "NA"]
[PlyCount "115"]
[EventDate "2019.07.01"]
[EventType "tourn"]
[EventCountry "NED"]
[SourceTitle "playchess.com"]
[Source "ChessBase"]
[SourceQuality "1"]
[TimeControl "40/5400+30:1800+30"]

1. e4 d5 2. exd5 Qxd5 3. Nc3 Qd8 4. d4 Nf6 5. Bc4 a6 6. a4 Nc6 7. Nge2 Bf5 8. O-O e6 9. f3 Be7 10. Be3 Nb4 11. Bb3 O-O 12. Bf2 h6 13. Ng3 Bg6 14. Nce4 b6 15. Qd2 Nxe4 16. fxe4 c5 17. c3 Nc6 18. Rad1 Na5 19. Bc2 cxd4 20. cxd4 Qc7 21. Qe2 Rfd8 22. Bd3 Nc6 23. Bxa6 h5 24. Bb5 h4 25. Nh5 Nb4 26. e5 Qc2 27. Qg4 Qf5 28. Qxf5 Bxf5 29. Nf4 Bc2 30. Ra1 Bb3 31. Ne2 Nc2 32. Rac1 Bg5 33. Rb1 Bxa4 34. Bd3 Nb4 35. Be4 Rac8 36. Nc3 Bb3 37. Bf3 Nc2 38. Ne4 Be7 39. Nd2 Ba2 40. Rbc1 Nxd4 41. Rxc8 Nxf3+ 42. Nxf3 Rxc8 43. Bxb6 Bd5 44. h3 Rc4 45. Be3 Rb4 46. Rf2 Re4 47. Ba7 f6 48. exf6 Bxf6 49. Bc5 Rc4 50. b4 e5 51. Re2 Bxf3 52. gxf3 Kf7 53. Re4 Rc1+ 54. Kf2 Ke6 55. Re1 Rc4 56. Re4 Rc2+ 57. Re2 Rc4 58. Re4 1/2-1/2

[Event "Deloitte NED-ch Women 2019"]
[Site "Amsterdam"]
[Date "2019.07.04"]
[Round "4.3"]
[White "Paulet, Iozefina"]
[Black "Roebers, Eline"]
[Result "1-0"]
[ECO "D02"]
[WhiteElo "2262"]
[BlackElo "2069"]
[Annotator "NA"]
[PlyCount "93"]
[EventDate "2019.07.01"]
[EventType "tourn"]
[EventCountry "NED"]
[SourceTitle "playchess.com"]
[Source "ChessBase"]
[SourceQuality "1"]
[TimeControl "40/5400+30:1800+30"]

1. e4 c6 2. d4 d5 3. exd5 cxd5 4. Bf4 Nc6 5. c3 Nf6 6. Nd2 g6 7. Be2 Bg7 8. h3 O-O 9. Ngf3 Bf5 10. O-O Ne4 11. Qb3 Qd7 12. Rad1 a6 13. a4 Kh8 14. Nxe4 Bxe4 15. Ne1 Rac8 16. g4 g5 17. Bxg5 Rg8 18. Bf4 Nd8 19. f3 Bg6 20. Nd3 Qe6 21. Ne5 Qf6 22. Nxg6+ fxg6 23. Bg3 Ne6 24. f4 g5 25. f5 Nf4 26. Bxf4 gxf4 27. Qxd5 Qh4 28. Qg2 Bh6 29. Bf3 b5 30. Bd5 Rg7 31. axb5 axb5 32. Be6 Rd8 33. Ra1 Qg3 34. Qxg3 fxg3 35. Kg2 Bg5 36. Kxg3 Bf6 37. b4 Bg5 38. Ra2 h6 39. Rfa1 Kh7 40. h4 Bf6 41. Ra8 Rd6 42. Rc8 Bxd4 43. cxd4 Rxd4 44. f6 exf6 45. Bf5+ Rg6 46. Ra7+ Rd7 47. Rxd7# 1-0

[Event "Deloitte NED-ch Women 2019"]
[Site "Amsterdam"]
[Date "2019.07.04"]
[Round "4.5"]
[White "Ratsma, Rosa"]
[Black "Kazarian, Anna-Maja"]
[Result "1-0"]
[ECO "B13"]
[WhiteElo "2282"]
[BlackElo "2142"]
[Annotator "NA"]
[PlyCount "99"]
[EventDate "2019.07.01"]
[EventType "tourn"]
[EventCountry "NED"]
[SourceTitle "playchess.com"]
[Source "ChessBase"]
[SourceQuality "1"]
[TimeControl "40/5400+30:1800+30"]

1. e4 c6 2. d4 d5 3. exd5 cxd5 4. Bd3 Nc6 5. c3 Qc7 6. h3 Nf6 7. Nf3 g6 8. Qc2 Bg7 9. O-O O-O 10. Re1 Nh5 11. Be3 e5 12. dxe5 Nxe5 13. Nxe5 Bxe5 14. Nd2 Nf4 15. Nf3 Bg7 16. Bf1 Rd8 17. Qd2 Ne6 18. g3 a5 19. Rad1 a4 20. a3 b6 21. Bg2 Bb7 22. Nd4 Nc5 23. Bh6 Bh8 24. h4 Qd7 25. Kh2 Ne4 26. Qf4 Re8 27. Bh3 Qe7 28. Qe3 Qd8 29. Qf3 Qf6 30. Qxf6 Bxf6 31. Kg2 Nc5 32. Re3 Rxe3 33. Bxe3 Kg7 34. Bg4 Ba6 35. Bf3 Bc4 36. Be2 Re8 37. Bf3 Rc8 38. h5 Be5 39. h6+ Kf6 40. Bg4 Re8 41. Nf3 Ne4 42. Nxe5 Kxe5 43. f3 f5 44. Bh3 Nd6 45. Bxb6 Kf6 46. Bd4+ Kg5 47. f4+ Kh5 48. Rh1 Re2+ 49. Kf3 g5 50. Bxf5+ 1-0

[Event "Deloitte NED-ch Women 2019"]
[Site "Amsterdam"]
[Date "2019.07.04"]
[Round "4.6"]
[White "Lanchava, Tea"]
[Black "Van Weersel, Arlette"]
[Result "0-1"]
[ECO "A47"]
[WhiteElo "2315"]
[BlackElo "2176"]
[Annotator "NA"]
[PlyCount "104"]
[EventDate "2019.07.01"]
[EventType "tourn"]
[EventCountry "NED"]
[SourceTitle "playchess.com"]
[Source "ChessBase"]
[SourceQuality "1"]
[TimeControl "40/5400+30:1800+30"]

1. Nf3 d5 2. b3 Nf6 3. Bb2 e6 4. e3 Be7 5. d4 O-O 6. Bd3 b6 7. O-O Bb7 8. Ne5 Nbd7 9. Qe2 c5 10. c4 Rc8 11. cxd5 cxd4 12. Nxf7 Kxf7 13. dxe6+ Kxe6 14. exd4+ Kf7 15. Bc4+ Rxc4 16. bxc4 Re8 17. Nc3 Bd6 18. Qd3 Nc5 19. Qh3 Bc8 20. Qf3 Bg4 21. Qc6 Re6 22. Qb5 a6 23. Qb4 Nd3 24. Qb3 Nxb2 25. Qxb2 Nh5 26. f4 Kg8 27. g3 Bxf4 28. d5 Be3+ 29. Kg2 Rg6 30. Rae1 Bc5 31. Ne4 Qc8 32. Kh1 Bh3 33. Rf3 Bg4 34. Rb3 h6 35. Qe5 Qf8 36. Kg2 Kh7 37. Nxc5 Qxc5 38. Qe4 Nf6 39. Qd3 Qc8 40. Rxb6 Bh3+ 41. Kh1 Bf5 42. Qf3 Bg4 43. Qf1 Bh3 44. Qe2 Bg4 45. Qd3 Bf5 46. Qf3 Bg4 47. Qb3 Qf5 48. Rbe6 Ne4 49. Qe3 Nxg3+ 50. Kg1 Ne2+ 51. Rxe2 Bxe2+ 52. Rxg6 Qf1# 0-1

[Event "Deloitte NED-ch Women 2019"]
[Site "Amsterdam"]
[Date "2019.07.04"]
[Round "4.8"]
[White "Van Foreest, Machteld"]
[Black "Keetman, Maaike"]
[Result "1/2-1/2"]
[ECO "B85"]
[WhiteElo "2058"]
[BlackElo "2153"]
[Annotator "NA"]
[PlyCount "127"]
[EventDate "2019.07.01"]
[EventType "tourn"]
[EventCountry "NED"]
[SourceTitle "playchess.com"]
[Source "ChessBase"]
[SourceQuality "1"]
[TimeControl "40/5400+30:1800+30"]

1. e4 c5 2. Nf3 e6 3. d4 cxd4 4. Nxd4 Nc6 5. Nc3 Qc7 6. Be2 Nf6 7. O-O Be7 8. Be3 O-O 9. Qd2 a6 10. f4 d6 11. Bf3 Bd7 12. Rad1 Nxd4 13. Bxd4 Bc6 14. Kh1 Rad8 15. Qe3 Nd7 16. Qf2 Bf6 17. Rd2 Bxd4 18. Qxd4 Nf6 19. Rfd1 Rd7 20. Qe3 Rfd8 21. f5 b5 22. fxe6 fxe6 23. Ne2 e5 24. Ng3 Kh8 25. Nf5 g6 26. Qg5 Ne8 27. Nh6 Rc8 28. Bg4 Bxe4 29. Bxd7 Qxd7 30. Rxd6 Nxd6 31. Rxd6 Rf8 32. Qxe5+ Qg7 33. Nf7+ Kg8 34. Qxe4 Qxf7 35. h3 Qxa2 36. b3 Qa1+ 37. Kh2 Qg7 38. Qe6+ Kh8 39. Rxa6 Qc7+ 40. Qd6 Qxd6+ 41. Rxd6 Rc8 42. Rb6 Rc7 43. c3 Rxc3 44. Rxb5 Rc2 45. Rb6 Rb2 46. Rb7 Kg8 47. Kg3 h6 48. b4 Kf8 49. b5 Rb4 50. b6 Ke8 51. Kf3 g5 52. g4 Kd8 53. Rb8+ Kd7 54. b7 Kc7 55. Rh8 Kxb7 56. Rxh6 Kc7 57. Rh5 Rb5 58. Ke4 Kd6 59. h4 Re5+ 60. Kd4 Rd5+ 61. Kc4 Rc5+ 62. Kb4 Re5 63. hxg5 Re4+ 64. Kc3 1/2-1/2

[Event "Deloitte NED-ch Women 2019"]
[Site "Amsterdam"]
[Date "2019.07.05"]
[Round "5.3"]
[White "Van Weersel, Arlette"]
[Black "Ratsma, Rosa"]
[Result "0-1"]
[ECO "B40"]
[WhiteElo "2176"]
[BlackElo "2282"]
[Annotator "NA"]
[PlyCount "78"]
[EventDate "2019.07.01"]
[EventType "tourn"]
[EventCountry "NED"]
[SourceTitle "playchess.com"]
[Source "ChessBase"]
[SourceQuality "1"]
[TimeControl "40/5400+30:1800+30"]

1. e4 c5 2. Nf3 e6 3. c4 Nc6 4. d4 cxd4 5. Nxd4 Nf6 6. Nxc6 bxc6 7. Bd3 d5 8. exd5 cxd5 9. O-O Be7 10. cxd5 Nxd5 11. Bb5+ Kf8 12. Nc3 Bb7 13. Nxd5 Bxd5 14. b3 Bf6 15. Ba3+ Kg8 16. Rc1 Qa5 17. Ba4 h5 18. Rc5 Qa6 19. Qc2 Bd4 20. Rc7 Be5 21. Rd7 Bxh2+ 22. Kxh2 Qxf1 23. f3 Rh6 24. Bc5 h4 25. Qf2 Qxf2 26. Bxf2 a6 27. Be3 Rh5 28. Re7 Rc8 29. b4 Bxa2 30. Bc5 Bc4 31. Bd7 Rf8 32. Ba4 Rd8 33. Rc7 Bd3 34. Be7 Rb8 35. Rd7 Bb5 36. Bxb5 Rhxb5 37. Rd4 R8b7 38. Bxh4 Rxb4 39. Rd8+ Kh7 0-1

[Event "Deloitte NED-ch Women 2019"]
[Site "Amsterdam"]
[Date "2019.07.05"]
[Round "5.5"]
[White "Keetman, Maaike"]
[Black "Paulet, Iozefina"]
[Result "1/2-1/2"]
[ECO "B23"]
[WhiteElo "2153"]
[BlackElo "2262"]
[Annotator "NA"]
[PlyCount "83"]
[EventDate "2019.07.01"]
[EventType "tourn"]
[EventCountry "NED"]
[SourceTitle "playchess.com"]
[Source "ChessBase"]
[SourceQuality "1"]
[TimeControl "40/5400+30:1800+30"]

1. e4 c5 2. Nc3 a6 3. g3 d6 4. Bg2 Nc6 5. d3 g6 6. Nge2 Bg7 7. Be3 Nd4 8. Qd2 Bg4 9. Ng1 Rb8 10. h3 Bd7 11. Nd1 e5 12. c3 Ne6 13. Ne2 f5 14. O-O Nf6 15. exf5 gxf5 16. f4 O-O 17. fxe5 dxe5 18. Rxf5 Nf4 19. Rxf4 exf4 20. Bxf4 Rc8 21. Bxb7 Bxh3 22. Nf2 Bd7 23. Bxc8 Bxc8 24. Bh6 Rf7 25. Qg5 Qf8 26. Rf1 Kh8 27. Bxg7+ Rxg7 28. Qf4 Qd8 29. Ne4 Qxd3 30. Qxf6 Qxe4 31. Qf8+ Rg8 32. Qf6+ Rg7 33. Qf8+ Rg8 34. Qf6+ Rg7 35. Rd1 Qe3+ 36. Kf1 Bh3+ 37. Ke1 h6 38. Qd8+ Rg8 39. Qf6+ Kh7 40. Qf4 Qxf4 41. Nxf4 Rxg3 42. Nxh3 1/2-1/2

[Event "Deloitte NED-ch Women 2019"]
[Site "Amsterdam"]
[Date "2019.07.05"]
[Round "5.6"]
[White "Roebers, Eline"]
[Black "Lanchava, Tea"]
[Result "1-0"]
[ECO "B15"]
[WhiteElo "2069"]
[BlackElo "2315"]
[Annotator "NA"]
[PlyCount "79"]
[EventDate "2019.07.01"]
[EventType "tourn"]
[EventCountry "NED"]
[SourceTitle "playchess.com"]
[Source "ChessBase"]
[SourceQuality "1"]
[TimeControl "40/5400+30:1800+30"]

1. e4 c6 2. d4 g6 3. Nc3 d5 4. e5 Bg7 5. f4 Nh6 6. Nf3 Bg4 7. h3 Bxf3 8. Qxf3 O-O 9. Be3 f6 10. Qe2 Nf5 11. Bf2 fxe5 12. dxe5 e6 13. O-O-O b5 14. Kb1 Qa5 15. g4 Nh6 16. Qe3 Nd7 17. Qg3 Nf7 18. h4 Nfxe5 19. fxe5 Bxe5 20. Qe3 Rf4 21. Bg3 Raf8 22. Bxf4 Rxf4 23. Ne2 Ra4 24. Nc1 Re4 25. Qd2 Qb6 26. Bg2 Rd4 27. Qe2 Ra4 28. Rhf1 c5 29. Qd2 Rxg4 30. Bxd5 Rd4 31. Qf2 Nf6 32. Bg2 Ra4 33. Qd2 Kg7 34. Qd8 Qxd8 35. Rxd8 Rxh4 36. Nd3 Bc7 37. Rc8 Bb6 38. Nxc5 Ng4 39. Nxe6+ Kh6 40. Rh1 1-0